 Dungeon Crawl Stone Soup version 0.28.0-45-g0d030f2227 (webtiles) character file.

Game seed: 6293875906897721691

23 RascalDebosk the Skirmisher (level 2, -2/25 HPs)
             Began as a Palentonga Fighter on Apr 16, 2022.
             Succumbed to an adder's poison
             ... on level 2 of the Dungeon.
             The game lasted 00:05:07 (1006 turns).

RascalDebosk the Skirmisher (Palentonga Fighter)    Turns: 1006, Time: 00:05:07

Health: -2/25      AC:  6    Str: 19    XL:     2   Next: 75%
Magic:  2/2        EV:  7    Int:  8    God:
Gold:   37         SH:  4    Dex:  9    Spells: 1/1 levels left

rFire   . . .      SeeInvis +   a - +0 war axe
rCold   . . .      Faith    .   c - +0 buckler
rNeg    . . .      Spirit   .   b - +0 scale mail
rPois   .          Reflect  .   (no helmet)
rElec   .          Harm     .   (no cloak)
rCorr   .          Rampage  .   (no gloves)
Will    .....                   (no barding)
Stlth   ..........              g - amulet of the acrobat
HPRegen 0.08/turn               (no ring)
MPRegen 0.08/turn               (no ring)

@: lethally poisoned (-2 -> -12)
A: large, rugged brown scales 3, see invisible, deformed body, roll 1, armoured
tail
a: Rolling Charge


You were on level 2 of the Dungeon.
You visited 1 branch of the dungeon, and saw 2 of its levels.

You collected 37 gold pieces.

Inventory:

Hand Weapons
 a - a +0 war axe (weapon)
Missiles
 h - 2 javelins
Armour
 b - a +0 scale mail (worn)
 c - a +0 buckler (worn)
Jewellery
 g - an amulet of the acrobat (around neck)
Scrolls
 e - a scroll of identify {unknown}
 i - a scroll of teleportation {unknown}
Potions
 d - a potion of might
 f - a potion of magic {unknown}


   Skills:
 + Level 3.2 Fighting
 + Level 2.3 Axes
 + Level 0.0 Throwing
 + Level 2.6 Armour
 + Level 2.7 Shields
 + Level 0.0 Evocations


You had one spell level left.
You didn't know any spells.
Your spell library was empty.

Dungeon Overview and Level Annotations

Branches:
Dungeon (2/15)

Altars:

Shops:
D:1 =


Innate Abilities, Weirdness & Mutations

You are completely covered in rugged brown scales. (AC +3, +7% HP)
You have supernaturally acute eyesight. (SInv)
Armour fits poorly on your strangely shaped body.
You can roll at nearby foes to attack.
You have a long armoured tail.


Message History

Found 30 bolts.
You miss the adder. You hit the ball python.
You kill the ball python!
You feel very sick. The adder bites you but does no damage.
You barely miss the adder.
Your tail-slap misses the adder.
You feel sick. You block the adder's attack.
The adder bites you but does no damage.
You closely miss the adder.
Your tail-slap misses the adder.
You feel sick. The adder bites you. x2
You miss the adder.
You feel sick. The adder bites you but does no damage. The adder bites you.
You are more poisoned.
The adder poisons you!
You barely miss the adder.
You feel sick. The adder bites you. The adder bites you but does no damage.
You miss the adder. You tail-slap the adder.
The adder is moderately wounded.
You feel sick. The adder bites you but does no damage. The adder bites you.
* * * LOW HITPOINT WARNING * * *
You are lethally poisoned!
The adder poisons you!
You closely miss the adder.
The adder is moderately wounded.
* * * LOW HITPOINT WARNING * * *
You feel sick. You block the adder's attack. The adder closely misses you.
You completely miss the adder.
The adder is moderately wounded.
* * * LOW HITPOINT WARNING * * *
You feel sick. You block the adder's attack.
The adder bites you but does no damage.
You closely miss the adder.
The adder is moderately wounded.
* * * LOW HITPOINT WARNING * * *
You feel sick. The adder bites you.
* * * LOW HITPOINT WARNING * * *
You are more poisoned.
The adder poisons you!
You hit the adder.
The adder is heavily wounded.
You die...

.. ≈§§≈≈≈..≈§≈≈≈≈≈ #####
§≈≈§≈≈((§§§§≈§≈ ....
.§....≈≈§§§.... #..
......≈≈§§..§§. #..
≈≈≈≈≈≈..≈§§§≈§≈ #.####..
≈≈≈≈≈≈..§§§≈§§§ #.#.....
§§≈≈§≈†S≈≈≈≈§§≈ #.#.....
§≈§≈≈≈.@≈§≈≈§≈≈##.#.....
§§≈≈≈≈..≈≈§≈≈≈##....†...
#≈≈≈≈≈..≈≈≈≈≈##.....###.
##§≈§§..≈≈≈§##..........
##≈≈≈..§≈≈###.....†##..
####''######......##..
#......##..........
##.....###>...)....
#.......#.........


You could see an adder.

Vanquished Creatures
  A ball python (D:2)
  2 endoplasms
  2 giant cockroaches
  2 goblins
  3 hobgoblins (D:1)
  A kobold (D:1)
  A quokka (D:1)
  3 bats
  A frilled lizard (D:1)
  5 rats
21 creatures vanquished.

Notes
Turn   | Place    | Note
-------+----------+-------------------------------------------
     0 | D:1      | RascalDebosk the Palentonga Fighter began the quest for the
                  | Orb.
     0 | D:1      | Reached XP level 1. HP: 19/19 MP: 1/1
   142 | D:1      | Found Hammun's Jewellery Shop.
   316 | D:1      | Reached XP level 2. HP: 20/25 MP: 2/2
   777 | D:1      | Found a faded altar of an unknown god.
  1005 | D:2      | HP: 1/25 [adder (1)]
  1006 | D:2      | Succumbed to an adder's poison

Illustrated notes

Levels and vault maps discovered:
D:1:      heliophobic_arrival_ceremonial_halls, layout_loops_ring, serial_shops,
          shop, ebering_ecumenical_altar_sacrificial
D:2:      kennysheep_big_flooded_room, layout_basic

Action                   || total
-------------------------++-------
Melee: War axe           ||    50
       Tailslap          ||     2
 Abil: Rolling Charge    ||     1
Armor: Scale mail        ||    21
Dodge: Dodged            ||    13
Block: Buckler           ||     9
